 Dungeon Crawl Stone Soup version 0.30-a0-23-ge60ba3568b (webtiles) character file.

Game seed: 10027006724578341047

166 nicolae the Changer (level 5, -7/34 HPs)
             Began as an Octopode Transmuter on Aug 25, 2022.
             Mangled by a gnoll
             ... wielding a +0 spear
              (10 damage)
             ... on level 4 of the Dungeon.
             The game lasted 00:06:02 (3474 turns).

nicolae the Changer (Octopode Transmuter)           Turns: 3474, Time: 00:06:03

Health: -7/34      AC:  1    Str: 10    XL:     5   Next: 47%
Magic:  7/8        EV: 13    Int: 17    God:
Gold:   36         SH:  5    Dex: 12    Spells: 2/8 levels left

rFire   . . .      SeeInvis .      - Unarmed
rCold   . . .      Faith    .    (no shield)
rNeg    . . .      Spirit   .    (helmet restricted)
rPois   .          Reflect  +    i - amulet of reflection
rElec   .          Harm     .    (no ring)
rCorr   .          Rampage  .    (no ring)
Will    .....                    (no ring)
Stlth   ++........               (no ring)
HPRegen 0.11/turn                (no ring)
MPRegen 0.11/turn                (no ring)
                                 (no ring)
                                 (no ring)

@: wereblooded
A: almost no armour, amphibious, 8 rings, camouflage 1, gelatinous body 1,
(nimble swimmer 1), tentacles
a: no special abilities


You were on level 4 of the Dungeon.
You visited 2 branches of the dungeon, and saw 5 of its levels.

You collected 148 gold pieces.
You spent 112 gold pieces at shops.

Inventory:

Jewellery
 i - an amulet of reflection (around mantle)
Wands
 p - a wand of polymorph (8)
 q - a wand of digging (9)
Scrolls
 h - a scroll of amnesia {unknown}
 j - a scroll of vulnerability {unknown}
 l - a scroll of enchant armour
 m - a scroll of acquirement {unknown}
 n - a scroll of silence {unknown}
 r - a scroll of fear {unknown}
 s - a scroll of enchant weapon {unknown}
Potions
 a - a potion of flight
 b - a potion of brilliance {unknown}
 c - a potion of degeneration {unknown}
 d - a potion of attraction {unknown}
 e - a potion of berserk rage {unknown}
 f - 2 potions of curing
 g - a potion of haste {unknown}
 k - 2 potions of magic
 o - a potion of heal wounds


   Skills:
 - Level 2.0 Fighting
 - Level 3.0 Dodging
 - Level 3.0 Unarmed Combat
 - Level 2.0 Spellcasting
 + Level 4.6 Transmutations


You had 2 spell levels left.
You knew the following spells:

 Your Spells              Type           Power      Damage    Failure   Level
a - Beastly Appendage     Tmut           34%        N/A       3%          1
b - Wereblood             Tmut           17%        N/A       4%          2
c - Spider Form           Tmut/Pois      9%         N/A       22%         3

Your spell library contained the following spells:

 Spells                   Type           Power      Damage    Failure   Level
 Ice Form                 Ice/Tmut       9%         N/A       58%         4


Dungeon Overview and Level Annotations

Branches:
Dungeon (4/15)             Temple (1/1) D:4

Altars:
Ashenzari
Cheibriados
Dithmenos
Elyvilon
Fedhas
Gozag
Hepliaklqana
Kikubaaqudgha
Makhleb
Nemelex Xobeh
Qazlal
Sif Muna
Xom
Yredelemnul
Zin
The Shining One

Shops:
D:4 !


Innate Abilities, Weirdness & Mutations

You cannot wear most types of armour.
You are amphibious.
You can wear up to eight rings at the same time.
Your skin changes colour to match your surroundings (Stealth+).
Your rubbery body absorbs attacks. (AC +1, EV +1)
((You are camouflaged when in or above water. (Stealth+)))
You have tentacles for arms and can constrict up to eight enemies at once.


Message History

* * * LOW HITPOINT WARNING * * *
You are too injured to fight recklessly!
You are too injured to fight recklessly!
You are too injured to fight recklessly!
You are too injured to fight recklessly!
You feel much better.
You howl as the wereblood boils in your veins!
The gnoll misses you. The phantom closely misses you.
You barely miss the phantom.
You pierce the phantom.
The phantom is lightly damaged.
You howl as the wereblood boils in your veins!
Your tentacle spike disappears.
You miss the phantom. Your squeeze misses the phantom.
The phantom is lightly damaged.
The phantom hits you. The gnoll barely misses you.
You barely miss the phantom.
The phantom is lightly damaged.
The phantom barely misses you.
The gnoll hits you from afar with a +0 spear.
You barely miss the phantom.
The phantom is lightly damaged.
You howl as the wereblood boils in your veins!
The phantom closely misses you. You block the gnoll's attack.
You miss the phantom. Your squeeze misses the phantom.
The phantom is lightly damaged.
The gnoll barely misses you. The phantom barely misses you.
You tentacle-slap the phantom. Your squeeze misses the phantom.
The phantom is moderately damaged.
The phantom hits you.
The gnoll hits you from afar with a +0 spear!
You closely miss the phantom.
The phantom is moderately damaged.
The phantom hits you.
* * * LOW HITPOINT WARNING * * *
The gnoll hits you from afar with a +0 spear.
* * * LOW HITPOINT WARNING * * *
You barely miss the phantom. You squeeze the phantom!
The phantom is heavily damaged.
The gnoll hits you from afar with a +0 spear!
You die...

......... #........
........# # #.........
##. #.....#... ....
#.g..##$.....
#....##8W#........#
#....@.#.......#
#.[#.8...#.....# ...
#.....#.....## .
.###....##.....##
.........#.......###
...................##
...#.................#
..
#.....[...........## .
.........##...#....#.


You could see a phantom and a gnoll.

Vanquished Creatures
  A phantom (D:3)
  2 gnolls (D:4)
  An adder (D:4)
  A worm (D:2)
  2 dart slugs
  An orc (D:4)
  5 endoplasms
  10 goblins
  6 hobgoblins
  3 quokkas
  4 ball pythons
  4 bats
  3 frilled lizards
  8 kobolds
  4 rats
55 creatures vanquished.

Notes
Turn   | Place    | Note
-------+----------+-------------------------------------------
     0 | D:1      | nicolae the Octopode Transmuter began the quest for the
                  | Orb.
     0 | D:1      | Reached XP level 1. HP: 13/13 MP: 3/3
    38 | D:1      | Reached XP level 2. HP: 14/18 MP: 5/5
   914 | D:2      | Reached XP level 3. HP: 10/24 MP: 6/6
   922 | D:2      | Learned a level 2 spell: Wereblood
   926 | D:2      | Learned a level 3 spell: Spider Form
  1620 | D:2      | Reached skill level 3 in Transmutations
  2280 | D:2      | Found a faded altar of an unknown god.
  2355 | D:2      | Identified the +2 helmet "Raerit" {Drain rCorr Str+7
                  | Stlth+}
  2951 | D:3      | Reached XP level 4. HP: 23/29 MP: 7/7
  3145 | D:4      | Found Othos's Distillery.
  3148 | D:4      | Noticed a phantom
  3165 | D:3      | Killed a phantom
  3166 | D:3      | Reached skill level 4 in Transmutations
  3166 | D:3      | Reached XP level 5. HP: 32/34 MP: 6/8
  3171 | D:4      | Bought a potion of heal wounds for 70 gold pieces
  3171 | D:4      | Bought a potion of curing for 42 gold pieces
  3297 | D:4      | Found a staircase to the Ecumenical Temple.
  3306 | Temple   | Entered the Ecumenical Temple
  3452 | D:4      | Noticed a phantom
  3474 | D:4      | Mangled by a gnoll

Illustrated notes

Levels and vault maps discovered:
D:1:      onia_arrival_pyramid, layout_rooms, minmay_crystal_room
D:2:      layout_loops_cross, serial_rivers, chequers_serial_rivers_large_b,
          chequers_serial_rivers_micro_a, chequers_serial_rivers_room_a,
          chequers_serial_rivers_micro_e, chequers_serial_rivers_micro_e,
          shapermc_ecumenical_altar_acropolis, minmay_goblin_outpost
D:3:      layout_basic
D:4:      layout_cave_pools, marbit_many_paths, okawaru_ov_weapons_minmay,
          temple_statues, serial_shops, shop, gammafunk_ghost_arena,
          minmay_surrounded
Temple:   nicolae_temple_elliptical

Skill      XL: |  1  2  3  4 |
---------------+-------------+-----
Transmutations | 3 4 |  4.6
Fighting       | 2 |  2.0
Dodging        | 3 |  3.0
Unarmed Combat | |  3.0
Spellcasting   | |  2.0

Action                   |  1- 3 |  4- 6 || total
-------------------------+-------+-------++-------
Melee: Unarmed           |   109 |    33 ||   142
       Tentacles         |    23 |     6 ||    29
       Constrict         |    28 |     3 ||    31
       Kick              |    21 |     8 ||    29
       Punch             |     3 |       ||     3
 Cast: Beastly Appendage |    22 |     6 ||    28
       Wereblood         |       |     1 ||     1
  Use: Potion            |     1 |     1 ||     2
       Scroll            |       |     3 ||     3
 Stab: Sleeping          |     5 |       ||     5
Armor: Skin              |     6 |     2 ||     8
Dodge: Dodged            |    62 |    26 ||    88
Block: Other             |    16 |     4 ||    20
       Reflection        |     3 |       ||     3

Table legend: (Time is in decaauts)
 A = Elapsed time spent in this place.
 B = Non-inter-level travel time spent in this place.
 C = Inter-level travel time spent in this place.
 D = Time resting spent in this place.
 E = Time spent auto-exploring this place.
 F = Levels seen in this place.
 G = Mean time per level.
                   A        B        C        D        E       F      G
               +--------+--------+--------+--------+--------+-----+--------+
         Total |   3465 |   3362 |    103 |    706 |   2175 |   5 |  693.0 |
       Dungeon |   3319 |   3233 |     86 |    706 |   2068 |   4 |  829.8 |
        Temple |    145 |    128 |     17 |      0 |    107 |   1 |  145.0 |
               +--------+--------+--------+--------+--------+-----+--------+

Top non-repeatable levels by time:
     D:2: 1583 daAuts
     D:1: 831 daAuts
     D:3: 731 daAuts
     D:4: 173 daAuts
  Temple: 145 daAuts
